 Dungeon Crawl Stone Soup version 0.23-a0-175-g97aacdb (webtiles) character file.

161 Oozefury the Ruffian (level 5, -1/48 HPs)
             Began as an Ogre Transmuter on Sept 16, 2018.
             Killed by divine providence
             ... invoked by an orc priest
              (11 damage)
             ... on level 4 of the Dungeon.
             The game lasted 00:19:27 (3573 turns).

Oozefury the Ruffian (Ogre Transmuter)              Turns: 3573, Time: 00:19:29

Health: -1/48      AC:  4    Str: 14    XL:     5   Next: 42%
Magic:  17/17      EV:  9    Int: 15    God:
Gold:   170        SH:  0    Dex:  9    Spells: 2/8 levels left

rFire    . . .     SeeInvis .     - Unarmed
rCold    . . .     Gourm    .   (no shield)
rNeg     . . .     Faith    .   b - +0 robe
rPois    .         Spirit   .   p - +0 hat
rElec    .         Reflect  .   m - +0 cloak
rCorr    .         Harm     .   (gloves unavailable)
MR       .....                  (boots unavailable)
Stlth    +.........             (no amulet)
HPRegen  0.16/turn              i - ring of magical power
MPRegen  0.15/turn              (no ring)

@: drained
A: large, unfitting armour, tough skin 1
a: no special abilities


You were on level 4 of the Dungeon.
You were not hungry.

You visited 1 branch of the dungeon, and saw 4 of its levels.

You collected 170 gold pieces.

Inventory:

Hand Weapons
 f - a +1 dagger of draining
 t - a +0 hunting sling
Missiles
 a - 10 arrows
 l - 61 stones (quivered)
 C - 6 needles of frenzy
Armour
 b - a +0 robe (worn)
 m - a +0 cloak (worn)
 p - a +0 hat (worn)
Jewellery
 i - a ring of magical power (left hand)
 B - an uncursed ring of fire
Wands
 u - a wand of paralysis (10)
 w - a wand of polymorph (7)
Scrolls
 e - a scroll of amnesia {unknown}
 k - a scroll of fog
 o - a scroll of immolation {unknown}
 s - 2 scrolls of remove curse
Potions
 c - a potion of lignification {unknown}
 g - a potion of berserk rage {unknown}
 h - 2 potions of agility {unknown}
 j - a potion of mutation {unknown}
 n - a potion of curing
 q - a potion of flight {unknown}
 v - a potion of degeneration {unknown}
 x - 2 potions of haste {unknown}
Comestibles
 d - 5 rations
 A - a chunk of flesh


   Skills:
 - Level 1.3(0.4) Fighting
 - Level 1.7(0.8) Dodging
 + Level 3.9(3.0) Unarmed Combat
 - Level 2.4(1.5) Spellcasting
 + Level 3.4(2.4) Transmutations
 + Level 1.8(0.9) Poison Magic


You had 2 spell levels left.
You knew the following spells:

 Your Spells              Type           Power        Failure   Level  Hunger
a - Beastly Appendage     Tmut           #.....       9%          1    ##.....
b - Sticks to Snakes      Tmut           #.......     13%         2    ###....
c - Spider Form           Tmut/Pois      #.........   34%         3    ####...

Your spell library contained the following spells:

 Spells                   Type           Power        Failure   Level  Hunger
 Ice Form                 Ice/Tmut       #.......     80%         4    #####..
 Blade Hands              Tmut           #.........   93%         5    ######.


Dungeon Overview and Level Annotations

Branches:
Dungeon (4/15)
 Temple: D:4-7

Altars:
Elyvilon
Hepliaklqana
Trog


Innate Abilities, Weirdness & Mutations

You are too large for most types of armour.
You have tough skin. (AC +1)


Message History

The jackal skeleton bites you but does no damage.
You take 12 damage, and have 2/48 hp.
MASSIVE DAMAGE!!
It was a potion of curing.
You feel better.
The orc wizard hits you but does no damage.
You feel drained. The jackal bites you.
* * * LOW HITPOINT WARNING * * *
The orc hits you with a short sword.
* * * LOW HITPOINT WARNING * * *
The jackal bites you but does no damage.
The jackal skeleton barely misses you. The orc priest completely misses you.
The orc wizard looks encouraged for a moment.
You regained 8 hp, and now have 10/48 hp.
As you read the scroll labeled FEDATI AWUENK, it crumbles to dust.
Your hands glow mottled blue for a moment.
It was a scroll of random uselessness.
The jackal bites you but does no damage.
The jackal misses you.
The orc priest calls down the wrath of Beogh upon you.
Beogh smites you!
You die...

*,,*,..≈≈≈≈≈.# #.#*,,,,,,,,*
*,,,,..≈###≈.# #.#*,,,,,,..#
,,,,,..≈≈≈≈≈.# *,*#,,,,,,..#
,,*,,#,......# *,*#.*****..*
,,*,,#.#.##§##### *,##.##* *.#*
,,,,,.,#.##o§§§.#####......###.##
,,*,,,..So.§§§§§§.....###...#....
*,,,8,..###§§§oo#Z..$...>.#.#....
,**,,,,,."§.§..o@h.....##....<...
,,,,,8,..##§..§oh####...#.###h...
**,,,,..,....§....*,,,...........
**,**,#,###.......W,**#..........
,,,,,,*,**#.........,,......#.W..
,,,,,,*,,*#####....).,#.....#....
,,,,,,,,,,****..##.##.......##.##
,,,,,*,*,,,,*,.#**..,.>..##.h#)#
,,,,,,,,,**,,,,****,,,...**#.Z.##


You could see a phantom, 2 orc priests, an orc wizard, an orc, 2 jackals and a
jackal skeleton.

Vanquished Creatures
  Robin (D:1)
  5 adders
  An ooze (D:3)
  An adder zombie (D:4)
  4 worms
  2 dart slugs
  3 leopard geckos
  5 giant cockroaches
  16 goblins
  10 hobgoblins
  A jackal (D:3)
  A ball python (D:2)
  8 bats
  2 frilled lizards
  5 kobolds
  A quokka zombie (D:4)
  4 rats
70 creatures vanquished.

Vanquished Creatures (collateral kills)
  An adder (D:2)
  A goblin (D:2)
2 creatures vanquished.

Vanquished Creatures (others)
  A quokka (D:3)
1 creature vanquished.

Grand Total: 73 creatures vanquished

Notes
Turn   | Place    | Note
-------+----------+-------------------------------------------
     0 | D:1      | Oozefury the Ogre Transmuter began the quest for the Orb.
     0 | D:1      | Reached XP level 1. HP: 19/19 MP: 3/3
    99 | D:1      | Reached skill level 2 in Transmutations
   279 | D:1      | Reached XP level 2. HP: 27/27 MP: 3/5
   283 | D:1      | Reached skill level 3 in Unarmed Combat
   290 | D:1      | Learned a level 2 spell: Sticks to Snakes
   857 | D:2      | Found a hazy altar of Hepliaklqana.
  1009 | D:2      | Found a bloodstained altar of Trog.
  1016 | D:2      | Reached XP level 3. HP: 33/33 MP: 6/6
  1157 | D:2      | Noticed Robin
  1207 | D:1      | Learned a level 3 spell: Spider Form
  1872 | D:1      | Killed Robin
  1872 | D:1      | Reached XP level 4. HP: 38/41 MP: 7/7
  1990 | D:2      | Reached skill level 3 in Transmutations
  2086 | D:2      | Reached skill level 1 in Poison Magic
  2351 | D:3      | Found a white marble altar of Elyvilon.
  2761 | D:3      | Reached XP level 5. HP: 42/48 MP: 8/8
  3350 | D:4      | Noticed a phantom
  3571 | D:4      | HP: 2/48 [orc wizard/dagger of draining (1)]
  3573 | D:4      | Killed from afar by an orc priest

Vault maps used:
D:1:      minmay_arrival_stone_box
D:2:      overflow_temple_1_default, lemuel_doored_altar,
          small_statue_intersection, uniq_robin
D:3:      elyvilon_altar_4, gup_sewer_entry_bubbles
D:4:      serial_undead, serial_undead_e, serial_undead_a, serial_undead_c,
          serial_undead_a, first_ration, minmay_crystal_water

Skill      XL: |  1  2  3  4 |
---------------+-------------+-----
Transmutations | 2 3 |  3.4
Unarmed Combat | 3 |  3.9
Poison Magic   | 1 |  1.8
Fighting       | |  1.3
Dodging        | |  1.7
Spellcasting   | |  2.4

Action                   |  1- 3 |  4- 6 || total
-------------------------+-------+-------++-------
Melee: Unarmed           |   122 |   181 ||   303
       Kick              |     8 |     4 ||    12
       Headbutt          |     6 |     2 ||     8
       Punch             |       |     1 ||     1
 Cast: Beastly Appendage |    18 |     9 ||    27
       Sticks to Snakes  |     2 |       ||     2
       Spider Form       |     2 |     4 ||     6
  Use: Scroll            |       |     5 ||     5
       Potion            |       |     1 ||     1
 Stab: Sleeping          |       |     1 ||     1
  Eat: Chunk             |     4 |     7 ||    11
Armor: Robe              |    43 |    52 ||    95
       Skin              |     1 |       ||     1
Dodge: Dodged            |    78 |    94 ||   172

Table legend:
 A = Non-vault XP
 B = Vault XP
 C = Vault XP percentage of total XP
 D = Non-vault monster count
 E = Vault monster count
 F = Vault count percentage of total count
                 A         B        C        D         E       F
            +---------+---------+-------+---------+---------+-------
      Total |     158 |      73 |  31.6 |      52 |      20 |  27.8
            +---------+---------+-------+---------+---------+-------
        D:1 |      25 |      20 |  44.4 |      14 |       4 |  22.2
        D:2 |      50 |      13 |  20.6 |      19 |       7 |  26.9
        D:3 |      65 |      33 |  33.7 |      17 |       7 |  29.2
        D:4 |      18 |       7 |  28.0 |       2 |       2 |  50.0
            +---------+---------+-------+---------+---------+-------
